 Dungeon Sprint DCSS version 0.30-a0-137-gd8773701ce (webtiles) character file.

Game seed: 2383945710306504328

1082 Pilot the Blocker (level 8, -8/87 HPs)
             Began as a Troll Fighter on Sept 22, 2022.
             Killed from afar by a hell hog (26 damage)
             ... with a fireball
             ... in the Dungeon (Sprint II: "The Violet Keep of Menkaure").
             The game lasted 00:04:44 (180 turns).

Pilot the Blocker (Troll Fighter)                    Turns: 180, Time: 00:04:45

Health: -8/87      AC:  4    Str: 25    XL:     8   Next: 8%
Magic:  7/7        EV: 11    Int:  4    God:
Gold:   729        SH: 10    Dex: 11    Spells: 7/7 levels left

rFire   . . .      SeeInvis .      - Unarmed
rCold   . . .      Faith    .    b - +0 kite shield
rNeg    . . .      Spirit   .    a - +0 robe
rPois   .          Reflect  .    (helmet restricted)
rElec   .          Harm     .    (no cloak)
rCorr   .          Rampage  .    (gloves unavailable)
Will    .....      NoTele   +    (boots unavailable)
Stlth   +.........               (no amulet)
HPRegen 1.04/turn                (no ring)
MPRegen 0.10/turn                (no ring)

@: no status effects
A: large, unfitting armour, claws 3, regeneration 1, shaggy fur 1, tough skin 1,
screaming 1
a: no special abilities


You were in the Dungeon.
You visited 1 branch You collected 729 gold pieces.

Inventory:

Armour
 a - a +0 robe (worn)
 b - a +0 kite shield (worn)
Scrolls
 i - a scroll of blinking
Potions
 c - a potion of might
 d - a potion of curing
 e - a potion of heal wounds
 f - a potion of haste
 g - 2 potions of magic
 h - a potion of berserk rage


   Skills:
 + Level 7.4 Fighting
 + Level 8.3 Dodging
 + Level 9.0 Shields
 + Level 8.8 Unarmed Combat


You had 7 spell levels left.
You didn't know any spells.
Your spell library was empty.

Dungeon Overview and Level Annotations

Branches:
Dungeon (1/1)

Altars:
Cheibriados
Dithmenos
Elyvilon
Fedhas
Gozag
Hepliaklqana
Kikubaaqudgha
Makhleb
Ru
Sif Muna
Trog
Jiyva
Lugonu

Shops:
D :!(:![:=?:*


Innate Abilities, Weirdness & Mutations

You are too large for most types of armour.
You have claws for hands.
Your natural rate of healing is unusually fast.
You are covered in fur. (AC +1)
You have tough skin. (AC +1)
You occasionally shout uncontrollably at your foes.


Message History

You now have 729 gold pieces (gained 243).
There is an open door here.
Found a blossoming altar of Fedhas.
Found a white marble altar of Elyvilon.
Found four altars.
Found three altars.
You enter the shallow water.
Moving in this stuff is going to be slow.
Found three altars.
You enter the shallow water.
Moving in this stuff is going to be slow.
Found a hazy altar of Hepliaklqana and a sacrificial altar of Ru.
You open the door. 2 hell hogs come into view.
You yell at the hell hog!
The hell hog squeals angrily.
The hell hog breathes fire at you.
The fireball explodes!
The fireball engulfs you!
Found 4 stones and 81 gold pieces.
You mangle the hell hog!!
The hell hog is moderately wounded.
The hell hog closely misses you.
You claw the hell hog!
The hell hog is heavily wounded.
The hell hog bites you! The hell hog closely misses you.
The hell hog bites you.
You barely miss the hell hog.
The hell hog is heavily wounded.
The hell hog bites you! You block the hell hog's attack. x2
The hell hog attacks as you move away! The hell hog bites you.
The hell hog breathes fire at you.
The fireball explodes!
The fireball engulfs you!!!
* * * LOW HITPOINT WARNING * * *
The fireball engulfs the hell hog.
The hell hog completely resists.
The fireball engulfs the hell hog.
The hell hog completely resists.
You barely miss the hell hog.
The hell hog is heavily wounded.
The hell hog breathes fire at you.
The fireball explodes!
The fireball engulfs you!!
You die... ... ... .. .^ ## ##.. #. #. .##.#### +.### .. .. ...# ...# B#B

###..#####..#
##+###.##..#.('h.#
##.##...#..#$.#h@#
'.<.†##.'..####..###
##.##...#....###...##▓▓▓
##'###.##......~~~~~~~~~
#.#.####~~.§..§§#+######
.###.#§~§§~§~..~#....._.
#.#.##~~~~§~~~§§#...._._
##'##~~~≈§≈~§§~~#..._._.
~~~~~~~~~≈§§≈~~~#.._._._


You could see 2 hell hogs.

Vanquished Creatures
  2 wyverns (D)
  4 neqoxecs (D)
  A water moccasin (D)
  4 necrophages (D)
11 creatures vanquished.

Vanquished Creatures (others)
  Menkaure (D)
1 creature vanquished.

Grand Total: 12 creatures vanquished

Notes
Turn   | Place    | Note
-------+----------+-------------------------------------------
     0 | D        | Pilot the Troll Fighter began the quest for the Orb.
     0 | D        | Reached XP level 1. HP: 22/22 MP: 0/0
     1 | D        | Noticed a necrophage
     1 | D        | Noticed a necrophage
     1 | D        | Noticed a necrophage
     1 | D        | Noticed a necrophage
    11 | D        | Killed a necrophage
    12 | D        | Reached skill level 4 in Shields
    12 | D        | Reached XP level 2. HP: 28/32 MP: 1/1
    12 | D        | Reached XP level 3. HP: 34/39 MP: 2/2
    17 | D        | Killed a necrophage
    18 | D        | Reached skill level 5 in Dodging
    18 | D        | Reached skill level 5 in Shields
    18 | D        | Reached XP level 4. HP: 33/49 MP: 3/3
    27 | D        | Killed a necrophage
    28 | D        | Reached skill level 5 in Fighting
    28 | D        | Reached skill level 6 in Shields
    28 | D        | Reached XP level 5. HP: 30/57 MP: 4/4
    35 | D        | Reached skill level 5 in Unarmed Combat
    37 | D        | Noticed Menkaure
    48 | D        | Noticed a water moccasin
    51 | D        | Killed a water moccasin
    52 | D        | Reached XP level 6. HP: 55/67 MP: 5/5
    66 | D        | Noticed a boulder beetle
    66 | D        | Noticed a boulder beetle
    70 | D        | Noticed a wyvern
    70 | D        | Noticed a wyvern
    76 | D        | Killed a wyvern
    77 | D        | Reached skill level 7 in Shields
    79 | D        | Killed a wyvern
    80 | D        | Reached skill level 8 in Shields
    80 | D        | Reached XP level 7. HP: 62/76 MP: 6/6
    89 | D        | Killed Menkaure
   110 | D        | Found Xyigef's Book Emporium.
   111 | D        | Found Uckup's Distillery.
   111 | D        | Found Rasete's Book Shoppe.
   112 | D        | Found Xeutsock's Antique Weapon Shoppe.
   112 | D        | Found Utsoneev's Magic Scroll Emporium.
   113 | D        | Found Qahaz's General Store.
   113 | D        | Found Eroiczae's Antique Armour Shoppe.
   114 | D        | Found Vousm's Distillery.
   114 | D        | Found Nuloleosmi's Book Emporium.
   115 | D        | Found Pyik's Jewellery Shoppe.
   115 | D        | Noticed a fire dragon
   116 | D        | Found Yloet's Book Shoppe.
   131 | D        | Noticed a neqoxec
   131 | D        | Noticed a neqoxec
   131 | D        | Noticed a neqoxec
   131 | D        | Noticed a neqoxec
   132 | D        | Gained mutation: You occasionally shout uncontrollably at
                  | your foes. [a neqoxec]
   135 | D        | Killed a neqoxec
   140 | D        | Killed a neqoxec
   144 | D        | Killed a neqoxec
   147 | D        | Killed a neqoxec
   148 | D        | Reached skill level 9 in Shields
   148 | D        | Reached XP level 8. HP: 78/87 MP: 7/7
   163 | D        | Found a blossoming altar of Fedhas.
   164 | D        | Found a white marble altar of Elyvilon.
   165 | D        | Found a shadowy altar of Dithmenos.
   165 | D        | Found a corrupted altar of Lugonu.
   165 | D        | Found an opulent altar of Gozag.
   165 | D        | Found a burning altar of Makhleb.
   166 | D        | Found a snail-covered altar of Cheibriados.
   166 | D        | Found an ancient bone altar of Kikubaaqudgha.
   166 | D        | Found a bloodstained altar of Trog.
   167 | D        | Found a viscous altar of Jiyva.
   167 | D        | Found a shimmering blue altar of Sif Muna.
   170 | D        | Found a hazy altar of Hepliaklqana.
   170 | D        | Found a sacrificial altar of Ru.
   175 | D        | Noticed a hell hog
   175 | D        | Noticed a hell hog
   180 | D        | Killed from afar by a hell hog

Illustrated notes

Levels and vault maps discovered:
D:        the_violet_keep_of_menkaure [sprint2_stairs_cluster_1,
          sprint2_shoproom, sprint2_temple, sprint2_basic_supplies,
          sprint2_obstacle_7, sprint2_obstacle_1, sprint2_obstacle_6,
          sprint2_obstacle_2, sprint2_obstacle_3, sprint2_timed_cluster_1,
          sprint2_smallroom_cluster_1, sprint2_smallroom_final_cluster_1,
          sprint2_transparent_cluster_1, sprint2_second_timed_cluster_1,
          sprint2_sniper_area_1, sprint2_heavy_combat_area_1,
          sprint2_mutation_trap_area_1, sprint2_forest_area_1,
          sprint2_light_combat_area_1, sprint2_behind_water_1,
          sprint2_near_end_vault_1]

Skill      XL: |  1  2  3  4  5  6  7 |
---------------+----------------------+-----
Fighting       | 4 5 6 7 |  7.4
Dodging        | 4 5 6 7 8 |  8.3
Shields        | 4 5 6 8 9 |  9.0
Unarmed Combat | 3 4 5 7 8 |  8.8

Action                   |  1- 3 |  4- 6 |  7- 9 || total
-------------------------+-------+-------+-------++-------
Melee: Unarmed           |    15 |    26 |    20 ||    61
Armor: Robe              |     3 |     2 |     1 ||     6
Dodge: Dodged            |     3 |    10 |     3 ||    16
Block: Kite shield       |     5 |     9 |     6 ||    20

Table legend: (Time is in decaauts)
 A = Elapsed time spent in this place.
 B = Non-inter-level travel time spent in this place.
 C = Inter-level travel time spent in this place.
 D = Time resting spent in this place.
 E = Time spent auto-exploring this place.
 F = Levels seen in this place.
 G = Mean time per level.
                   A        B        C        D        E       F      G
               +--------+--------+--------+--------+--------+-----+--------+
         Total |    196 |    189 |      7 |      0 |      0 |   1 |  196.0 |
       Dungeon |    196 |    189 |      7 |      0 |      0 |   1 |  196.0 |
               +--------+--------+--------+--------+--------+-----+--------+

Top non-repeatable levels by time:
       D: 196 daAuts
